Connexion

Bears vs Rocket

Created - 18 mars 2024 at 05:49

Goals
1 2 3 T
Bears 0 3 1 4
Rocket 1 1 0 2
Shots
1 2 3 T
Bears 8 10 13 31
Rocket 11 11 6 28

GoalsPenalties
1st period
1. Rocket , Mitchell Stephens 23 (Lucas Johansen 42, Samuel Blais 33) at 15:13
Jonah Gadjovich (LAV) for Tripping (Minor) at 6:38
Justin Dowling (HER) for High sticking (Minor) at 10:18
Jonah Gadjovich (LAV) for Boarding (Minor) at 12:19
2nd period
2. Rocket , Philippe Myers 16 (Sampo Ranta 42, Jonah Gadjovich 29) at 11:20
3. Bears , Chad Krys 11 (Dennis Gilbert 29) at 17:06 (PP)
4. Bears , Joona Luoto 31 (Gustav Olofsson 44, Jordie Benn 32) at 17:47
5. Bears , Jay Beagle 11 (Austin Watson 15, Kyle Burroughs 28) at 19:17
Jake Christiansen (LAV) for Cross-checking (Minor) at 16:30
3rd period
6. Bears , Cole Koepke 52 (Gustav Olofsson 45, Joona Luoto 45) at 19:55 (Empty Net)
Jonah Gadjovich (LAV) for Hooking (Minor) at 1:39
Jonah Gadjovich (LAV) for Boarding (Minor) at 4:58
Samuel Blais (LAV) for Holding (Minor) at 15:06
Goalie Stats
Mikhal Berdin (HER), 26 saves from 28 shots - (0,929), W, 17-18-4, 60:00 minutes
James Reimer (LAV), 27 saves from 30 shots - (0,900), L, 27-26-8, 59:20 minutes
3 StarsOfficial
1 - Joona Luoto (HER)
2 - Cole Koepke (HER)
3 - Gustav Olofsson (HER)
Referees : Brian Pochmara and Frederick L'Ecuyer
Linesman : Mark Pare and Pierre Champoux
Game Note
Cole Koepke has scored in a empty net!
Finance
Level 1 -- Attendance: 2000 (100,00%) -- Ticket Income $40,000
Level 2 -- Attendance: 1000 (100,00%) -- Ticket Income $15,000
Total Attendance: 3000 (100,00%)
Total Ticket Income: $55,000
Other Income: $11,000
Total Income: $66,000



Team Name Goals Shots Shots Attemp Shots Blocked PIM HIT PP PK FO%
Bears 4317142211 / 6 (17%)047%
Rocket 228441312230 / 1 (0%)153%

Bears
Player Name POS G A P +/- PIM HIT SHT SB MP PP MP PP SHT PK MP PK SHT FO% FOT
Andreas BorgmanD0000000113:570:0000:0000% 0
Arttu RuotsalainenC000-1005019:406:0710:00043% 30
Austin WatsonC/LW/RW0111012014:530:0000:00033% 3
Beck MalenstynLW0001000114:530:0000:0000% 0
Buddy RobinsonRW000-1032019:406:0720:000100% 1
Chad KrysD1010012021:355:4620:4800% 0
Christoffer EhnC/LW000000005:210:0000:00060% 5
Cole KoepkeLW1011013019:484:2401:4100% 2
Dennis GilbertD0110050021:355:4600:4800% 0
Gustav OlofssonD0221011024:284:4511:1100% 0
Jay BeagleC/RW1011003014:530:0000:00082% 11
Joona LuotoLW/RW1121023018:184:1720:18033% 3
Jordie BennD0111011024:284:4511:1100% 0
Justin DowlingC/LW/RW0001225023:274:2400:00048% 27
Kyle BurroughsD0110012213:570:0000:0000% 0
Lean BergmannLW/RW000-1022019:586:0700:1800% 0
Maxim LetunovC000000000:360:0700:2900% 1
Tyrell GoulbourneLW000001006:330:0001:1200% 4
Rocket
Player Name POS G A P +/- PIM HIT SHT SB MP PP MP PP SHT PK MP PK SHT FO% FOT
Andrei MironovD000-1020113:570:0000:5800% 0
Evan BarrattC/LW0000000010:420:0004:19043% 7
Jake ChristiansenD000-1250222:220:2705:0300% 0
Jonah GadjovichLW0110845015:480:2700:3100% 3
Kale ClagueD000-1021322:510:2715:3100% 0
Lucas JohansenD0111001123:401:3214:3000% 0
Matt LuffRW000-1005116:551:3210:000100% 1
Max JonesLW000001106:230:0000:0000% 0
Michael Dal ColleLW000-1023020:291:3213:340100% 3
Mitchell StephensC1010003010:580:0000:08053% 15
Nolan StevensC/LW0000000012:420:0001:5200% 0
Philippe MyersD1011023323:531:3204:4300% 0
Rinat ValievD000-1010213:160:0000:1700% 0
Sampo RantaLW/RW0110001015:210:2700:0000% 0
Samuel BlaisLW/RW0110230010:490:0000:0000% 0
Spencer WatsonRW000000006:230:0000:0000% 0
Vladislav KamenevC000-1013022:231:3205:28058% 38
Yakov TreninC0000002020:310:2705:10145% 20



Play-by-Play

1st period


0:01 of 1st period - Vladislav Kamenev wins face-off versus Cole Koepke in neutral zone.
0:18 of 1st period - Shot by Justin Dowling.
0:18 of 1st period - Stopped by James Reimer without a rebound.
0:19 of 1st period - Yakov Trenin wins face-off versus Arttu Ruotsalainen in Rocket zone.
0:19 of 1st period - Yakov Trenin is hit by Lean Bergmann.
0:36 of 1st period - Icing by Jake Christiansen.
0:37 of 1st period - Jay Beagle wins face-off versus Yakov Trenin in Rocket zone.
0:37 of 1st period - Kyle Burroughs is hit by Jake Christiansen and loses puck.
0:40 of 1st period - Shot by Andreas Borgman.
0:40 of 1st period - Shot Misses the Net.
0:42 of 1st period - Shot by Kyle Burroughs.
0:42 of 1st period - Stopped by James Reimer without a rebound.
0:43 of 1st period - Christoffer Ehn wins face-off versus Mitchell Stephens in Rocket zone.
1:43 of 1st period - Icing by Lucas Johansen.
1:44 of 1st period - Michael Dal Colle wins face-off versus Arttu Ruotsalainen in Rocket zone.
1:49 of 1st period - Lucas Johansen is hit by Lean Bergmann and loses puck.
2:16 of 1st period - Vladislav Kamenev is hit by Dennis Gilbert and loses puck.
2:34 of 1st period - Icing by Michael Dal Colle.
2:35 of 1st period - Justin Dowling wins face-off versus Vladislav Kamenev in Rocket zone.
2:36 of 1st period - Shot by Cole Koepke.
2:36 of 1st period - Shot Blocked by Matt Luff.
2:52 of 1st period - Shot by Cole Koepke.
2:52 of 1st period - Stopped by James Reimer with a rebound.
3:07 of 1st period - Jordie Benn is hit by Jonah Gadjovich and loses puck.
3:22 of 1st period - Shot by Sampo Ranta.
3:22 of 1st period - Shot Misses the Net.
4:05 of 1st period - Beck Malenstyn is hit by Max Jones and loses puck.
4:39 of 1st period - Shot by Nolan Stevens.
4:39 of 1st period - Shot Blocked by Kyle Burroughs.
4:41 of 1st period - Shot by Nolan Stevens.
4:41 of 1st period - Shot Misses the Net.
4:43 of 1st period - Shot by Mitchell Stephens.
4:43 of 1st period - Shot Misses the Net.
5:36 of 1st period - Arttu Ruotsalainen is hit by Kale Clague and loses puck.
5:55 of 1st period - Shot by Jonah Gadjovich.
5:55 of 1st period - Stopped by Mikhal Berdin with a rebound.
6:01 of 1st period - Shot by Jonah Gadjovich.
6:01 of 1st period - Deflect By Yakov Trenin.
6:01 of 1st period - Stopped by Mikhal Berdin without a rebound.
6:02 of 1st period - Christoffer Ehn wins face-off versus Evan Barratt in Bears zone.
6:10 of 1st period - Off-side.
6:11 of 1st period - Yakov Trenin wins face-off versus Joona Luoto in neutral zone.
6:28 of 1st period - Shot by Justin Dowling.
6:28 of 1st period - Stopped by James Reimer with a rebound.
6:38 of 1st period - Minor Penalty to Jonah Gadjovich for Tripping.
6:39 of 1st period - Vladislav Kamenev wins face-off versus Arttu Ruotsalainen in Rocket zone.
7:07 of 1st period - Shot by Yakov Trenin.
7:07 of 1st period - Stopped by Mikhal Berdin without a rebound.
7:08 of 1st period - Michael Dal Colle wins face-off versus Joona Luoto in Bears zone.
7:39 of 1st period - Shot by Joona Luoto.
7:39 of 1st period - Stopped by James Reimer with a rebound.
8:03 of 1st period - Lucas Johansen is hit by Buddy Robinson and loses puck.
9:26 of 1st period - Kyle Burroughs is hit by Samuel Blais and loses puck.
9:57 of 1st period - Evan Barratt is hit by Dennis Gilbert and loses puck.
10:08 of 1st period - Shot by Max Jones.
10:08 of 1st period - Stopped by Mikhal Berdin without a rebound.
10:09 of 1st period - Justin Dowling wins face-off versus Yakov Trenin in Bears zone.
10:18 of 1st period - Minor Penalty to Justin Dowling for High sticking.
10:19 of 1st period - Vladislav Kamenev wins face-off versus Tyrell Goulbourne in Bears zone.
10:20 of 1st period - Shot by Matt Luff.
10:20 of 1st period - Shot Misses the Net.
10:22 of 1st period - Shot by Lucas Johansen.
10:22 of 1st period - Stopped by Mikhal Berdin without a rebound.
10:23 of 1st period - Matt Luff wins face-off versus Tyrell Goulbourne in Bears zone.
10:30 of 1st period - Shot by Vladislav Kamenev.
10:30 of 1st period - Shot Misses the Net.
10:32 of 1st period - Shot by Michael Dal Colle.
10:32 of 1st period - Shot Misses the Net.
10:52 of 1st period - Shot by Matt Luff.
10:52 of 1st period - Stopped by Mikhal Berdin without a rebound.
10:53 of 1st period - Yakov Trenin wins face-off versus Maxim Letunov in Bears zone.
11:18 of 1st period - Shot by Kale Clague.
11:18 of 1st period - Stopped by Mikhal Berdin without a rebound.
11:19 of 1st period - Vladislav Kamenev wins face-off versus Tyrell Goulbourne in Bears zone.
11:22 of 1st period - Shot by Michael Dal Colle.
11:22 of 1st period - Stopped by Mikhal Berdin without a rebound.
11:23 of 1st period - Vladislav Kamenev wins face-off versus Tyrell Goulbourne in Bears zone.
11:56 of 1st period - Shot by Matt Luff.
11:56 of 1st period - Deflect By Michael Dal Colle.
11:56 of 1st period - Shot Misses the Net.
12:19 of 1st period - Minor Penalty to Jonah Gadjovich for Boarding.
12:20 of 1st period - Buddy Robinson wins face-off versus Evan Barratt in Rocket zone.
12:21 of 1st period - Shot by Chad Krys.
12:21 of 1st period - Stopped by James Reimer without a rebound.
12:22 of 1st period - Arttu Ruotsalainen wins face-off versus Vladislav Kamenev in Rocket zone.
12:27 of 1st period - Shot by Lean Bergmann.
12:27 of 1st period - Shot Blocked by Jake Christiansen.
12:59 of 1st period - Buddy Robinson is hit by Jake Christiansen and loses puck.
13:45 of 1st period - Lucas Johansen is hit by Joona Luoto and loses puck.
14:43 of 1st period - Icing by Andreas Borgman.
14:44 of 1st period - Jay Beagle wins face-off versus Evan Barratt in Bears zone.
14:58 of 1st period - Beck Malenstyn is hit by Rinat Valiev and loses puck.
15:01 of 1st period - Shot by Austin Watson.
15:01 of 1st period - Stopped by James Reimer without a rebound.
15:02 of 1st period - Mitchell Stephens wins face-off versus Justin Dowling in Rocket zone.
15:13 of 1st period - Shot by Mitchell Stephens.
15:13 of 1st period - Goal by Mitchell Stephens - Bears : 0 - Rocket : 1.
15:14 of 1st period - Yakov Trenin wins face-off versus Christoffer Ehn in neutral zone.
15:23 of 1st period - Shot by Sampo Ranta.
15:23 of 1st period - Shot Misses the Net.
15:57 of 1st period - Yakov Trenin is hit by Tyrell Goulbourne and loses puck.
16:38 of 1st period - Shot by Matt Luff.
16:38 of 1st period - Stopped by Mikhal Berdin with a rebound.
16:40 of 1st period - Shot by Vladislav Kamenev.
16:40 of 1st period - Shot Misses the Net.
16:42 of 1st period - Shot by Matt Luff.
16:42 of 1st period - Stopped by Mikhal Berdin without a rebound.
16:43 of 1st period - Jay Beagle wins face-off versus Mitchell Stephens in Bears zone.
17:46 of 1st period - Off-side.
17:47 of 1st period - Justin Dowling wins face-off versus Vladislav Kamenev in neutral zone.
18:17 of 1st period - Shot by Justin Dowling.
18:17 of 1st period - Stopped by James Reimer without a rebound.
18:18 of 1st period - Arttu Ruotsalainen wins face-off versus Yakov Trenin in Rocket zone.
18:21 of 1st period - Shot by Lean Bergmann.
18:21 of 1st period - Shot Misses the Net.
18:47 of 1st period - Shot by Lean Bergmann.
18:47 of 1st period - Deflect By Arttu Ruotsalainen.
18:47 of 1st period - Shot Misses the Net.
Goals for this period are 0 for Bears vs 1 for Rocket.
Shots for this period are 8 for Bears vs 11 for Rocket.

2nd period


0:01 of 2nd period - Vladislav Kamenev wins face-off versus Justin Dowling in neutral zone.
0:31 of 2nd period - Shot by Cole Koepke.
0:31 of 2nd period - Shot Misses the Net.
1:05 of 2nd period - Shot by Lean Bergmann.
1:05 of 2nd period - Shot Misses the Net.
1:07 of 2nd period - Shot by Chad Krys.
1:07 of 2nd period - Shot Hit the Post.
1:09 of 2nd period - Shot by Arttu Ruotsalainen.
1:09 of 2nd period - Shot Blocked by Kale Clague.
1:57 of 2nd period - Shot by Kyle Burroughs.
1:57 of 2nd period - Stopped by James Reimer without a rebound.
1:58 of 2nd period - Christoffer Ehn wins face-off versus Evan Barratt in Rocket zone.
2:05 of 2nd period - Shot by Justin Dowling.
2:05 of 2nd period - Stopped by James Reimer with a rebound.
2:07 of 2nd period - Shot by Jordie Benn.
2:07 of 2nd period - Shot Misses the Net.
2:09 of 2nd period - Shot by Justin Dowling.
2:09 of 2nd period - Shot Blocked by Rinat Valiev.
3:50 of 2nd period - Shot by Vladislav Kamenev.
3:50 of 2nd period - Stopped by Mikhal Berdin without a rebound.
3:51 of 2nd period - Vladislav Kamenev wins face-off versus Justin Dowling in Bears zone.
4:02 of 2nd period - Shot by Michael Dal Colle.
4:02 of 2nd period - Stopped by Mikhal Berdin without a rebound.
4:03 of 2nd period - Arttu Ruotsalainen wins face-off versus Jonah Gadjovich in Bears zone.
4:13 of 2nd period - Icing by Kale Clague.
4:14 of 2nd period - Joona Luoto wins face-off versus Yakov Trenin in Rocket zone.
4:30 of 2nd period - Shot by Jonah Gadjovich.
4:30 of 2nd period - Stopped by Mikhal Berdin without a rebound.
4:31 of 2nd period - Arttu Ruotsalainen wins face-off versus Vladislav Kamenev in Bears zone.
4:56 of 2nd period - Shot by Arttu Ruotsalainen.
4:56 of 2nd period - Shot Blocked by Lucas Johansen.
4:58 of 2nd period - Shot by Lean Bergmann.
4:58 of 2nd period - Stopped by James Reimer without a rebound.
4:59 of 2nd period - Yakov Trenin wins face-off versus Justin Dowling in Rocket zone.
4:59 of 2nd period - Yakov Trenin is hit by Justin Dowling.
5:19 of 2nd period - Jonah Gadjovich is hit by Dennis Gilbert and loses puck.
5:25 of 2nd period - Jonah Gadjovich is hit by Dennis Gilbert and loses puck.
5:38 of 2nd period - Shot by Sampo Ranta.
5:38 of 2nd period - Stopped by Mikhal Berdin without a rebound.
5:39 of 2nd period - Vladislav Kamenev wins face-off versus Arttu Ruotsalainen in Bears zone.
5:39 of 2nd period - Vladislav Kamenev is hit by Jordie Benn.
5:49 of 2nd period - Shot by Matt Luff.
5:49 of 2nd period - Stopped by Mikhal Berdin without a rebound.
5:50 of 2nd period - Jay Beagle wins face-off versus Mitchell Stephens in Bears zone.
5:50 of 2nd period - Jay Beagle is hit by Samuel Blais.
6:03 of 2nd period - Beck Malenstyn is hit by Philippe Myers and loses puck.
6:06 of 2nd period - Shot by Austin Watson.
6:06 of 2nd period - Shot Misses the Net.
6:08 of 2nd period - Shot by Jay Beagle.
6:08 of 2nd period - Shot Misses the Net.
7:07 of 2nd period - Cole Koepke is hit by Jake Christiansen.
7:36 of 2nd period - Cole Koepke is hit by Andrei Mironov.
7:40 of 2nd period - Shot by Joona Luoto.
7:40 of 2nd period - Shot Misses the Net.
7:46 of 2nd period - Dennis Gilbert is hit by Jonah Gadjovich and loses puck.
7:53 of 2nd period - Shot by Jonah Gadjovich.
7:53 of 2nd period - Stopped by Mikhal Berdin without a rebound.
7:54 of 2nd period - Evan Barratt wins face-off versus Arttu Ruotsalainen in Bears zone.
9:10 of 2nd period - Shot by Tyrell Goulbourne.
9:10 of 2nd period - Deflect By Justin Dowling.
9:10 of 2nd period - Shot Misses the Net.
10:03 of 2nd period - Shot by Vladislav Kamenev.
10:03 of 2nd period - Shot Blocked by Beck Malenstyn.
10:39 of 2nd period - Off-side.
10:40 of 2nd period - Justin Dowling wins face-off versus Mitchell Stephens in neutral zone.
10:50 of 2nd period - Icing by Jake Christiansen.
10:51 of 2nd period - Justin Dowling wins face-off versus Mitchell Stephens in Rocket zone.
11:02 of 2nd period - Shot by Mitchell Stephens.
11:02 of 2nd period - Stopped by Mikhal Berdin without a rebound.
11:03 of 2nd period - Arttu Ruotsalainen wins face-off versus Jonah Gadjovich in Bears zone.
11:18 of 2nd period - Shot by Sampo Ranta.
11:18 of 2nd period - Shot Blocked by Kyle Burroughs.
11:20 of 2nd period - Shot by Philippe Myers.
11:20 of 2nd period - Goal by Philippe Myers - Bears : 0 - Rocket : 2.
11:21 of 2nd period - Mitchell Stephens wins face-off versus Justin Dowling in neutral zone.
11:40 of 2nd period - Shot by Justin Dowling.
11:40 of 2nd period - Stopped by James Reimer without a rebound.
11:41 of 2nd period - Arttu Ruotsalainen wins face-off versus Vladislav Kamenev in Rocket zone.
11:50 of 2nd period - Shot by Vladislav Kamenev.
11:50 of 2nd period - Shot Misses the Net.
11:52 of 2nd period - Shot by Matt Luff.
11:52 of 2nd period - Stopped by Mikhal Berdin without a rebound.
11:53 of 2nd period - Yakov Trenin wins face-off versus Justin Dowling in Bears zone.
12:14 of 2nd period - Icing by Sampo Ranta.
12:15 of 2nd period - Arttu Ruotsalainen wins face-off versus Yakov Trenin in Rocket zone.
12:33 of 2nd period - Icing by Kale Clague.
12:34 of 2nd period - Justin Dowling wins face-off versus Yakov Trenin in Rocket zone.
12:48 of 2nd period - Icing by Jake Christiansen.
12:49 of 2nd period - Arttu Ruotsalainen wins face-off versus Yakov Trenin in Rocket zone.
13:13 of 2nd period - Shot by Michael Dal Colle.
13:13 of 2nd period - Stopped by Mikhal Berdin without a rebound.
13:14 of 2nd period - Mitchell Stephens wins face-off versus Justin Dowling in Bears zone.
14:00 of 2nd period - Gustav Olofsson is hit by Samuel Blais and loses puck.
14:15 of 2nd period - Cole Koepke is hit by Michael Dal Colle.
14:18 of 2nd period - Justin Dowling is hit by Michael Dal Colle.
14:40 of 2nd period - Shot by Arttu Ruotsalainen.
14:40 of 2nd period - Stopped by James Reimer without a rebound.
14:41 of 2nd period - Jay Beagle wins face-off versus Jonah Gadjovich in Rocket zone.
14:50 of 2nd period - Icing by Andreas Borgman.
14:51 of 2nd period - Evan Barratt wins face-off versus Austin Watson in Bears zone.
14:52 of 2nd period - Shot by Spencer Watson.
14:52 of 2nd period - Shot Blocked by Andreas Borgman.
15:02 of 2nd period - Shot by Spencer Watson.
15:02 of 2nd period - Shot Misses the Net.
15:12 of 2nd period - Shot by Beck Malenstyn.
15:12 of 2nd period - Shot Misses the Net.
15:17 of 2nd period - Off-side.
15:18 of 2nd period - Arttu Ruotsalainen wins face-off versus Vladislav Kamenev in neutral zone.
15:25 of 2nd period - Shot by Lean Bergmann.
15:25 of 2nd period - Stopped by James Reimer without a rebound.
15:26 of 2nd period - Vladislav Kamenev wins face-off versus Arttu Ruotsalainen in Rocket zone.
15:53 of 2nd period - Shot by Vladislav Kamenev.
15:53 of 2nd period - Stopped by Mikhal Berdin without a rebound.
15:54 of 2nd period - Yakov Trenin wins face-off versus Cole Koepke in Bears zone.
16:10 of 2nd period - Sampo Ranta is hit by Gustav Olofsson and loses puck.
16:21 of 2nd period - Shot by Justin Dowling.
16:21 of 2nd period - Deflect By Joona Luoto.
16:21 of 2nd period - Shot Misses the Net.
16:29 of 2nd period - Cole Koepke is hit by Jake Christiansen and loses puck.
16:30 of 2nd period - Minor Penalty to Jake Christiansen for Cross-checking.
16:31 of 2nd period - Arttu Ruotsalainen wins face-off versus Vladislav Kamenev in Rocket zone.
17:06 of 2nd period - Shot by Chad Krys.
17:06 of 2nd period - Goal by Chad Krys - Bears : 1 - Rocket : 2.
17:07 of 2nd period - Jay Beagle wins face-off versus Mitchell Stephens in neutral zone.
17:25 of 2nd period - Icing by Rinat Valiev.
17:26 of 2nd period - Justin Dowling wins face-off versus Mitchell Stephens in Rocket zone.
17:47 of 2nd period - Shot by Joona Luoto.
17:47 of 2nd period - Goal by Joona Luoto - Bears : 2 - Rocket : 2.
17:48 of 2nd period - Vladislav Kamenev wins face-off versus Arttu Ruotsalainen in neutral zone.
18:02 of 2nd period - Matt Luff is hit by Chad Krys and loses puck.
18:19 of 2nd period - Shot by Chad Krys.
18:19 of 2nd period - Shot Blocked by Philippe Myers.
18:34 of 2nd period - Icing by Philippe Myers.
18:35 of 2nd period - Vladislav Kamenev wins face-off versus Justin Dowling in Rocket zone.
18:37 of 2nd period - Icing by Matt Luff.
18:38 of 2nd period - Justin Dowling wins face-off versus Vladislav Kamenev in Rocket zone.
18:50 of 2nd period - Icing by Philippe Myers.
18:51 of 2nd period - Vladislav Kamenev wins face-off versus Jay Beagle in Rocket zone.
19:17 of 2nd period - Shot by Jay Beagle.
19:17 of 2nd period - Goal by Jay Beagle - Bears : 3 - Rocket : 2.
19:18 of 2nd period - Mitchell Stephens wins face-off versus Justin Dowling in neutral zone.
19:26 of 2nd period - Joona Luoto is hit by Andrei Mironov and loses puck.
19:33 of 2nd period - Shot by Justin Dowling.
19:33 of 2nd period - Shot Misses the Net.
19:35 of 2nd period - Shot by Joona Luoto.
19:35 of 2nd period - Shot Blocked by Rinat Valiev.
19:45 of 2nd period - Shot by Cole Koepke.
19:45 of 2nd period - Stopped by James Reimer without a rebound.
19:46 of 2nd period - Yakov Trenin wins face-off versus Arttu Ruotsalainen in Rocket zone.
Goals for this period are 3 for Bears vs 1 for Rocket.
Shots for this period are 10 for Bears vs 11 for Rocket.

3rd period


0:01 of 3rd period - Vladislav Kamenev wins face-off versus Justin Dowling in neutral zone.
0:39 of 3rd period - Icing by Lucas Johansen.
0:40 of 3rd period - Vladislav Kamenev wins face-off versus Arttu Ruotsalainen in Rocket zone.
0:42 of 3rd period - Icing by Michael Dal Colle.
0:43 of 3rd period - Vladislav Kamenev wins face-off versus Arttu Ruotsalainen in Rocket zone.
1:39 of 3rd period - Minor Penalty to Jonah Gadjovich for Hooking.
1:40 of 3rd period - Vladislav Kamenev wins face-off versus Justin Dowling in Rocket zone.
1:53 of 3rd period - Shot by Justin Dowling.
1:53 of 3rd period - Shot Misses the Net.
1:55 of 3rd period - Shot by Cole Koepke.
1:55 of 3rd period - Shot Blocked by Philippe Myers.
1:57 of 3rd period - Shot by Jordie Benn.
1:57 of 3rd period - Shot Misses the Net.
1:59 of 3rd period - Shot by Cole Koepke.
1:59 of 3rd period - Shot Misses the Net.
2:01 of 3rd period - Shot by Cole Koepke.
2:01 of 3rd period - Deflect By Justin Dowling.
2:01 of 3rd period - Shot Misses the Net.
2:17 of 3rd period - Evan Barratt is hit by Justin Dowling and loses puck.
3:24 of 3rd period - Andrei Mironov is hit by Cole Koepke and loses puck.
3:29 of 3rd period - Shot by Jordie Benn.
3:29 of 3rd period - Shot Blocked by Andrei Mironov.
3:31 of 3rd period - Shot by Joona Luoto.
3:31 of 3rd period - Stopped by James Reimer without a rebound.
3:32 of 3rd period - Evan Barratt wins face-off versus Justin Dowling in Rocket zone.
3:59 of 3rd period - Shot by Jay Beagle.
3:59 of 3rd period - Stopped by James Reimer without a rebound.
4:00 of 3rd period - Mitchell Stephens wins face-off versus Christoffer Ehn in Rocket zone.
4:20 of 3rd period - Shot by Mitchell Stephens.
4:20 of 3rd period - Stopped by Mikhal Berdin without a rebound.
4:21 of 3rd period - Austin Watson wins face-off versus Yakov Trenin in Bears zone.
4:21 of 3rd period - Austin Watson is hit by Jonah Gadjovich.
4:26 of 3rd period - Jay Beagle is hit by Jonah Gadjovich and loses puck.
4:58 of 3rd period - Minor Penalty to Jonah Gadjovich for Boarding.
4:59 of 3rd period - Arttu Ruotsalainen wins face-off versus Vladislav Kamenev in Rocket zone.
5:00 of 3rd period - Shot by Buddy Robinson.
5:00 of 3rd period - Stopped by James Reimer with a rebound.
5:35 of 3rd period - Icing by Arttu Ruotsalainen.
5:36 of 3rd period - Arttu Ruotsalainen wins face-off versus Vladislav Kamenev in Bears zone.
5:46 of 3rd period - Icing by Arttu Ruotsalainen.
5:47 of 3rd period - Vladislav Kamenev wins face-off versus Arttu Ruotsalainen in Bears zone.
6:12 of 3rd period - Arttu Ruotsalainen is hit by Philippe Myers and loses puck.
6:41 of 3rd period - Shot by Gustav Olofsson.
6:41 of 3rd period - Stopped by James Reimer with a rebound.
8:36 of 3rd period - Shot by Vladislav Kamenev.
8:36 of 3rd period - Stopped by Mikhal Berdin without a rebound.
8:37 of 3rd period - Vladislav Kamenev wins face-off versus Arttu Ruotsalainen in Bears zone.
8:53 of 3rd period - Lean Bergmann is hit by Jake Christiansen and loses puck.
9:07 of 3rd period - Icing by Vladislav Kamenev.
9:08 of 3rd period - Jay Beagle wins face-off versus Vladislav Kamenev in Rocket zone.
9:36 of 3rd period - Shot by Jay Beagle.
9:36 of 3rd period - Shot Misses the Net.
9:38 of 3rd period - Shot by Jay Beagle.
9:38 of 3rd period - Shot Misses the Net.
9:40 of 3rd period - Shot by Jay Beagle.
9:40 of 3rd period - Deflect By Austin Watson.
9:40 of 3rd period - Stopped by James Reimer without a rebound.
9:41 of 3rd period - Justin Dowling wins face-off versus Yakov Trenin in Rocket zone.
10:06 of 3rd period - Shot by Jonah Gadjovich.
10:06 of 3rd period - Stopped by Mikhal Berdin without a rebound.
10:07 of 3rd period - Mitchell Stephens wins face-off versus Arttu Ruotsalainen in Bears zone.
10:26 of 3rd period - Shot by Arttu Ruotsalainen.
10:26 of 3rd period - Stopped by James Reimer without a rebound.
10:27 of 3rd period - Yakov Trenin wins face-off versus Austin Watson in Rocket zone.
10:36 of 3rd period - Shot by Jonah Gadjovich.
10:36 of 3rd period - Stopped by Mikhal Berdin with a rebound.
10:41 of 3rd period - Off-side.
10:42 of 3rd period - Justin Dowling wins face-off versus Vladislav Kamenev in neutral zone.
11:01 of 3rd period - Joona Luoto is hit by Kale Clague and loses puck.
11:08 of 3rd period - Matt Luff is hit by Joona Luoto.
11:18 of 3rd period - Shot by Cole Koepke.
11:18 of 3rd period - Shot Blocked by Jake Christiansen.
11:38 of 3rd period - Shot by Arttu Ruotsalainen.
11:38 of 3rd period - Shot Misses the Net.
11:40 of 3rd period - Shot by Arttu Ruotsalainen.
11:40 of 3rd period - Stopped by James Reimer without a rebound.
11:41 of 3rd period - Jay Beagle wins face-off versus Yakov Trenin in Rocket zone.
12:42 of 3rd period - Shot by Arttu Ruotsalainen.
12:42 of 3rd period - Shot Misses the Net.
13:14 of 3rd period - Shot by Justin Dowling.
13:14 of 3rd period - Shot Misses the Net.
14:13 of 3rd period - Shot by Jay Beagle.
14:13 of 3rd period - Stopped by James Reimer without a rebound.
14:14 of 3rd period - Vladislav Kamenev wins face-off versus Arttu Ruotsalainen in Rocket zone.
14:14 of 3rd period - Vladislav Kamenev is hit by Buddy Robinson.
14:31 of 3rd period - Icing by Jake Christiansen.
14:32 of 3rd period - Jay Beagle wins face-off versus Vladislav Kamenev in Rocket zone.
15:06 of 3rd period - Minor Penalty to Samuel Blais for Holding.
15:07 of 3rd period - Justin Dowling wins face-off versus Vladislav Kamenev in Rocket zone.
15:24 of 3rd period - Shot by Joona Luoto.
15:24 of 3rd period - Shot Blocked by Kale Clague.
15:26 of 3rd period - Shot by Gustav Olofsson.
15:26 of 3rd period - Shot Misses the Net.
15:28 of 3rd period - Shot by Justin Dowling.
15:28 of 3rd period - Deflect By Joona Luoto.
15:28 of 3rd period - Shot Blocked by Kale Clague.
15:30 of 3rd period - Shot by Jordie Benn.
15:30 of 3rd period - Stopped by James Reimer without a rebound.
15:31 of 3rd period - Vladislav Kamenev wins face-off versus Arttu Ruotsalainen in Rocket zone.
15:42 of 3rd period - Shot by Dennis Gilbert.
15:42 of 3rd period - Shot Blocked by Philippe Myers.
15:44 of 3rd period - Shot by Arttu Ruotsalainen.
15:44 of 3rd period - Stopped by James Reimer without a rebound.
15:45 of 3rd period - Justin Dowling wins face-off versus Vladislav Kamenev in Rocket zone.
16:37 of 3rd period - Icing by Lean Bergmann.
16:38 of 3rd period - Michael Dal Colle wins face-off versus Arttu Ruotsalainen in Bears zone.
17:00 of 3rd period - Shot by Buddy Robinson.
17:00 of 3rd period - Stopped by James Reimer with a rebound.
17:08 of 3rd period - Shot by Arttu Ruotsalainen.
17:08 of 3rd period - Stopped by James Reimer without a rebound.
17:09 of 3rd period - Mitchell Stephens wins face-off versus Jay Beagle in Rocket zone.
17:09 of 3rd period - Mitchell Stephens is hit by Austin Watson.
17:17 of 3rd period - Mitchell Stephens is hit by Kyle Burroughs.
18:12 of 3rd period - Off-side.
18:13 of 3rd period - Arttu Ruotsalainen wins face-off versus Yakov Trenin in neutral zone.
18:22 of 3rd period - Jake Christiansen is hit by Dennis Gilbert and loses puck.
18:31 of 3rd period - Shot by Arttu Ruotsalainen.
18:31 of 3rd period - Shot Misses the Net.
18:35 of 3rd period - Shot by Lean Bergmann.
18:35 of 3rd period - Shot Misses the Net.
18:39 of 3rd period - Shot by Lean Bergmann.
18:39 of 3rd period - Shot Misses the Net.
19:08 of 3rd period - Icing by Gustav Olofsson.
19:09 of 3rd period - Justin Dowling wins face-off versus Vladislav Kamenev in Bears zone.
19:09 of 3rd period - Gustav Olofsson is hit by Vladislav Kamenev and loses puck.
19:13 of 3rd period - Icing by Jordie Benn.
19:14 of 3rd period - Vladislav Kamenev wins face-off versus Justin Dowling in Bears zone.
19:15 of 3rd period - Rocket, James Reimer is pulled from the net.
19:23 of 3rd period - Shot by Matt Luff.
19:23 of 3rd period - Shot Misses the Net.
19:27 of 3rd period - Shot by Philippe Myers.
19:27 of 3rd period - Stopped by Mikhal Berdin with a rebound.
19:29 of 3rd period - Shot by Philippe Myers.
19:29 of 3rd period - Stopped by Mikhal Berdin without a rebound.
19:30 of 3rd period - Vladislav Kamenev wins face-off versus Justin Dowling in Bears zone.
19:55 of 3rd period - Shot by Gustav Olofsson.
19:55 of 3rd period - Deflect By Cole Koepke.
19:55 of 3rd period - Goal by Cole Koepke - Bears : 4 - Rocket : 2.
19:55 of 3rd period - James Reimer from Rocket was sent back in the game.
19:56 of 3rd period - Mitchell Stephens wins face-off versus Arttu Ruotsalainen in neutral zone.
19:56 of 3rd period - Mitchell Stephens is hit by Buddy Robinson.
Goals for this period are 1 for Bears vs 0 for Rocket.
Shots for this period are 13 for Bears vs 6 for Rocket.